 Dungeon Crawl Stone Soup version 0.29-a0-25-g7f48f510a0 (webtiles) character file.

Game seed: 11035384498804415156

15 HallandMoats the Skirmisher (level 2, -3/19 HPs)
             Began as a Gargoyle Fighter on Feb 1, 2022.
             Slain by an adder (4 damage)
             ... on level 1 of the Dungeon.
             The game lasted 00:00:51 (490 turns).

HallandMoats the Skirmisher (Gargoyle Fighter)       Turns: 490, Time: 00:00:52

Health: -3/19      AC:  9    Str: 19    XL:     2   Next: 50%
Magic:  2/2        EV:  9    Int:  8    God:
Gold:   8          SH:  4    Dex:  9    Spells: 1/1 levels left

rFire   . . .      SeeInvis .   h - +1 whip (venom)
rCold   . . .      Faith    .   c - +0 buckler
rNeg    + . .      Spirit   .   e - +0 scale mail
rPois   ∞          Reflect  .   (no helmet)
rElec   +          Harm     .   (no cloak)
rCorr   .          Rampage  .   (no gloves)
Will    .....                   (no boots)
Stlth   ..........              (no amulet)
HPRegen 0.06/turn               (no ring)
MPRegen 0.08/turn               (no ring)

@: no status effects
A: sickness immunity, AC +2, negative energy resistance 1, electricity
resistance, torment resistance 1, petrification resistance
a: no special abilities


You were on level 1 of the Dungeon.
You visited 1 branch of the dungeon, and saw 2 of its levels.

You collected 8 gold pieces.

Inventory:

Hand Weapons
 b - a +2 mace of protection
 h - a +1 whip of venom (weapon)
Armour
 c - a +0 buckler (worn)
 e - a +0 scale mail (worn)
Scrolls
 f - a scroll of amnesia {unknown}
 g - a scroll of immolation {unknown}
Potions
 d - a potion of might


   Skills:
 * Level 3.4 Fighting
 * Level 2.0 Axes
 + Level 3.4 Armour
 + Level 0.2 Dodging
 + Level 3.4 Shields
 * Level 0.9 Invocations


You had one spell level left.
You didn't know any spells.
Your spell library was empty.

Dungeon Overview and Level Annotations

Branches:
Dungeon (2/15)

Altars:


Innate Abilities, Weirdness & Mutations

You are immune to sickness and miasma.
Your stone body is resilient. (AC +2)
You are immune to poison.
You resist negative energy. (rN+)
You are resistant to electric shocks. (rElec)
You are resistant to unholy torment.
You are immune to petrification.


Message History

The adder barely misses you. The quokka bites you. The bat closely misses you.
The adder bites you but does no damage.
You closely miss the adder. The bat barely misses you.
You block the bat's attack.
The quokka bites you but does no damage.
The adder closely misses you. The dart slug launches a dart at you.
The slug dart hits you but does no damage.
You closely miss the adder. The adder barely misses you.
The bat hits you but does no damage. The quokka bites you.
The bat barely misses you. You block the bat's attack. The bat misses you.
The adder closely misses you. The quokka barely misses you.
The adder bites you but does no damage.
The quokka bites you but does no damage.
Things that are here:
a +0 dagger; a goblin corpse The adder completely misses you.
The quokka barely misses you. The bat hits you but does no damage.
The bat closely misses you. The bat hits you but does no damage.
The bat hits you. The bat closely misses you.
The bat hits you but does no damage. The adder bites you but does no damage.
There is a stone staircase leading up here.
The bat hits you but does no damage. The bat barely misses you.
You block the bat's attack. The adder bites you.
You climb upwards.
There is a stone staircase leading down here.
You are too injured to fight recklessly!
You closely miss the adder. The bat hits you.
* * * LOW HITPOINT WARNING * * *
You block the bat's attack. The adder closely misses you.
You barely miss the adder. The bat completely misses you.
You block the adder's attack. The bat barely misses you. The adder bites you.
* * * LOW HITPOINT WARNING * * *
You closely miss the adder. The bat hits you but does no damage. x2
You block the bat's attack. The adder closely misses you.
You barely miss the adder. The bat hits you but does no damage.
The bat barely misses you. The adder misses you.
You barely miss the adder. The bat hits you but does no damage.
The adder bites you.
You die...

#.....####.## #.#
.......##...## #.#
#.....##.....# #.#
##...####...##########.#
....######.............##
###..........#########..#
########...##########.#
#.####.......#.#
#.##.+.@.>.>.+.#
#.##.#bS.....#.#
#....#########.#
#..###.......#.#
#..#.+...<...'.#
#######....#.......###
#......†..########## #.
#.##......# #.#
.....#....###.# #..


You could see an adder and a bat.

Vanquished Creatures
  2 ball pythons (D:1)
  2 bats (D:1)
  An endoplasm (D:1)
  3 goblins
  A quokka (D:1)
  3 kobolds (D:1)
  A rat (D:1)
13 creatures vanquished.

Notes
Turn   | Place    | Note
-------+----------+-------------------------------------------
     0 | D:1      | HallandMoats the Gargoyle Fighter began the quest for the
                  | Orb.
     0 | D:1      | Reached XP level 1. HP: 14/14 MP: 1/1
    96 | D:1      | Reached XP level 2. HP: 19/19 MP: 2/2
   469 | D:1      | You fall into a shaft and drop 1 floor!
   490 | D:1      | Slain by an adder

Illustrated notes

Levels and vault maps discovered:
D:1:      minmay_arrival_up_and_down, layout_loops_corners, minivault_27
D:2:      layout_rooms, chequers_ecumenical_altar_lobes

Skill      XL: |  1  2 |
---------------+-------+-----
Axes           | 2 |  2.0
Fighting       | |  3.4
Armour         | |  3.4
Dodging        | |  0.2
Shields        | |  3.4
Invocations    | |  0.9

Action                   || total
-------------------------++-------
Melee: Mace              ||    20
       War axe           ||     5
       Whip              ||    14
Armor: Scale mail        ||    39
Dodge: Dodged            ||    29
Block: Buckler           ||    13

Table legend: (Time is in decaauts)
 A = Elapsed time spent in this place.
 B = Non-inter-level travel time spent in this place.
 C = Inter-level travel time spent in this place.
 D = Time resting spent in this place.
 E = Time spent auto-exploring this place.
 F = Levels seen in this place.
 G = Mean time per level.
                   A        B        C        D        E       F      G
               +--------+--------+--------+--------+--------+-----+--------+
         Total |    499 |    485 |     14 |      0 |    385 |   2 |  249.5 |
       Dungeon |    499 |    485 |     14 |      0 |    385 |   2 |  249.5 |
               +--------+--------+--------+--------+--------+-----+--------+

Top non-repeatable levels by time:
     D:1: 483 daAuts
     D:2: 16 daAuts
